TOP OF THE 1ST |
Mile High Broncos batting - Pitching for Las Vegas Stars : LHP Jesús González
|
Pitching: LHP Jesús González
|
|
Batting: RHB Tim Hanson
|
0-0: Ball 1-0: SINGLE (Groundball, 56D)
|
Batting: RHB Evan Robinson
|
0-0: Foul Ball, location: 2F 0-1: Swinging Strike 0-2: Ball 1-2: Foul Ball, location: 2F 1-2: SINGLE (Groundball, 5D) Tim Hanson to second
|
Batting: RHB Rodney González
|
0-0: Ball 1-0: Foul Ball, location: 2F 1-1: Fly out, F4 (Line Drive, 4M)
|
Batting: RHB António Martínez
|
0-0: Ball 1-0: Swinging Strike 1-1: Ball 2-1: Foul Ball, location: 2F 2-2: Ball 3-2: Foul Ball, location: 2F 3-2: Foul Ball, location: 2F 3-2: Strikes out swinging
|
Batting: SHB Michael Field
|
0-0: Foul Ball, location: 2F 0-1: Ground out 5-3 (Groundball, 56S)
|
Top of the 1st over - 0 runs, 2 hits, 0 errors, 2 left on base; Mile High 0 - Las Vegas 0 |
BOTTOM OF THE 1ST |
Las Vegas Stars batting - Pitching for Mile High Broncos : LHP Juan Garza
|
Pitching: LHP Juan Garza
|
|
Batting: RHB José García
|
0-0: Ball 1-0: Ground out 6-3 (Groundball, 6)
|
Batting: SHB Júlio Salazar
|
0-0: Called Strike 0-1: Ball 1-1: Foul Ball, location: 2F 1-2: Ground out 5-3 (Groundball, 5)
|
Batting: RHB Alonso Holguín
|
0-0: Ball 1-0: Ball 2-0: DOUBLE (Line Drive, 7LM)
|
Batting: LHB Patrick Osborne
|
0-0: Ball 1-0: Called Strike 1-1: Foul Ball, location: 2F 1-2: Fly out, F9 (Flyball, 9D)
|
Bottom of the 1st over - 0 runs, 1 hit, 0 errors, 1 left on base; Mile High 0 - Las Vegas 0 |
TOP OF THE 2ND |
Mile High Broncos batting - Pitching for Las Vegas Stars : LHP Jesús González
|
Batting: RHB Edward Williams
|
0-0: Foul Ball, location: 2F 0-1: Ball 1-1: Foul Ball, location: 2F 1-2: Strikes out swinging
|
Batting: LHB Tony Báez
|
0-0: Foul Ball, location: 2F 0-1: Foul Ball, location: 2F 0-2: Ball 1-2: Strikes out swinging
|
Batting: RHB Luis Ramos
|
0-0: Ball 1-0: Fly out, F9 (Flyball, 9S)
|
Top of the 2nd over - 0 runs, 0 hits, 0 errors, 0 left on base; Mile High 0 - Las Vegas 0 |
BOTTOM OF THE 2ND |
Las Vegas Stars batting - Pitching for Mile High Broncos : LHP Juan Garza
|
Batting: RHB Barney Lawson
|
0-0: Foul Ball, location: 2F 0-1: Foul Ball, location: 2F 0-2: Ball 1-2: Foul Ball, location: 2F 1-2: Ball 2-2: Foul Ball, location: 2F 2-2: DOUBLE (Flyball, 8LD)
|
Batting: LHB Edward Rose
|
0-0: Foul Ball, location: 2F 0-1: Ball 1-1: Ball 2-1: Foul Ball, location: 2F 2-2: Foul Ball, location: 2F 2-2: Fly out, F1 (Popup, P)
|
Batting: RHB Gilberto Silva
|
0-0: Ball 1-0: SINGLE (Line Drive, 7S) Barney Lawson to third
|
Batting: RHB Ricardo Guzmán
|
0-0: Called Strike 0-1: Ball 1-1: Ball 2-1: Ball 3-1: Fielders Choice at 2nd, 4-6 (Groundball, 4) Barney Lawson scores
|
Batting: RHB Fernando Bórquez
|
0-0: Called Strike Ricardo Guzmán steals 2nd base 0-1: Ball 1-1: Called Strike 1-2: Strikes out swinging
|
Bottom of the 2nd over - 1 run, 2 hits, 0 errors, 1 left on base; Mile High 0 - Las Vegas 1 |
TOP OF THE 3RD |
Mile High Broncos batting - Pitching for Las Vegas Stars : LHP Jesús González
|
Batting: SHB Paco Martínez
|
0-0: Called Strike 0-1: Ball 1-1: Foul Ball, location: 2F 1-2: Strikes out swinging
|
Batting: RHB Tim Hanson
|
0-0: Foul Ball, location: 2F 0-1: Foul Ball, location: 2F 0-2: Ball 1-2: Foul Ball, location: 2F 1-2: Ball 2-2: Ball 3-2: SINGLE (Flyball, 7LM)
|
Batting: RHB Evan Robinson
|
0-0: Fly out, F8 (Flyball, 8LD)
|
Batting: RHB Rodney González
|
0-0: Called Strike 0-1: Ball 1-1: Ground out 4-3 (Groundball, 34)
|
Top of the 3rd over - 0 runs, 1 hit, 0 errors, 1 left on base; Mile High 0 - Las Vegas 1 |
BOTTOM OF THE 3RD |
Las Vegas Stars batting - Pitching for Mile High Broncos : LHP Juan Garza
|
Batting: RHB José García
|
0-0: Ball 1-0: Called Strike 1-1: Ball 2-1: Foul Ball, location: 2F 2-2: Foul Ball, location: 2F 2-2: Strikes out looking
|
Batting: SHB Júlio Salazar
|
0-0: Called Strike 0-1: Ball 1-1: Swinging Strike 1-2: Fly out, F4 (Popup, 4M)
|
Batting: RHB Alonso Holguín
|
0-0: Ball 1-0: Ball 2-0: Called Strike 2-1: Swinging Strike 2-2: Strikes out swinging
|
Bottom of the 3rd over - 0 runs, 0 hits, 0 errors, 0 left on base; Mile High 0 - Las Vegas 1 |
TOP OF THE 4TH |
Mile High Broncos batting - Pitching for Las Vegas Stars : LHP Jesús González
|
Batting: RHB António Martínez
|
0-0: Ball 1-0: Called Strike 1-1: Ball 2-1: Ball 3-1: Base on Balls
|
Batting: SHB Michael Field
|
0-0: Ball Passed Ball! António Martínez to second 1-0: Called Strike 1-1: Ground out 6-3 (Groundball, 6)
|
Batting: RHB Edward Williams
|
0-0: Ground out 6-3 (Groundball, 6S) António Martínez to third
|
Batting: LHB Tony Báez
|
0-0: Ball 1-0: Called Strike 1-1: Swinging Strike 1-2: Strikes out swinging
|
Top of the 4th over - 0 runs, 0 hits, 0 errors, 1 left on base; Mile High 0 - Las Vegas 1 |
BOTTOM OF THE 4TH |
Las Vegas Stars batting - Pitching for Mile High Broncos : LHP Juan Garza
|
Batting: LHB Patrick Osborne
|
0-0: Called Strike 0-1: Ball 1-1: Ball 2-1: Called Strike 2-2: SINGLE (Groundball, 34D)
|
Batting: RHB Barney Lawson
|
0-0: Ball 1-0: Swinging Strike 1-1: Ball 2-1: Ball 3-1: DOUBLE (Line Drive, 5D) Patrick Osborne to third
|
Batting: LHB Edward Rose
|
0-0: DOUBLE (Line Drive, 9LM) Patrick Osborne scores Barney Lawson scores
|
Batting: RHB Gilberto Silva
|
0-0: Ball 1-0: Called Strike 1-1: SINGLE (Flyball, 8RS) Edward Rose to third Runner from 3rd tries for Home, SAFE, no throw
|
Batting: RHB Ricardo Guzmán
|
0-0: Ball 1-0: Hit by Pitch Gilberto Silva to second
|
Batting: RHB Fernando Bórquez
|
0-0: Ball 1-0: Foul Ball, location: 2F 1-1: Grounds into double play, 5-4-3 (Groundball, 56) Gilberto Silva to third
|
Batting: RHB José García
|
0-0: Ball 1-0: Ball Steal of home, Gilberto Silva is out
|
Bottom of the 4th over - 3 runs, 4 hits, 0 errors, 0 left on base; Mile High 0 - Las Vegas 4 |
TOP OF THE 5TH |
Mile High Broncos batting - Pitching for Las Vegas Stars : LHP Jesús González
|
Batting: RHB Luis Ramos
|
0-0: Called Strike 0-1: Called Strike 0-2: Fly out, F5 (Popup, 56S)
|
Batting: SHB Paco Martínez
|
0-0: Called Strike 0-1: Swinging Strike 0-2: Foul Ball, location: 2F 0-2: Foul Ball, location: 2F 0-2: Foul Ball, location: 2F 0-2: Fly out, F7 (Flyball, 78S)
|
Batting: RHB Tim Hanson
|
0-0: Foul Ball, location: 2F 0-1: Ball 1-1: Fly out, F6 (Line Drive, 6)
|
Top of the 5th over - 0 runs, 0 hits, 0 errors, 0 left on base; Mile High 0 - Las Vegas 4 |
BOTTOM OF THE 5TH |
Las Vegas Stars batting - Pitching for Mile High Broncos : LHP Juan Garza
|
Batting: RHB José García
|
0-0: Fly out, F9 (Flyball, 9D)
|
Batting: SHB Júlio Salazar
|
0-0: Ball 1-0: SOLO HOME RUN (Flyball, 7D), Distance : 393 ft
|
Batting: RHB Alonso Holguín
|
0-0: Foul Ball, location: 2F 0-1: Called Strike 0-2: Foul Ball, location: 2F 0-2: Ball 1-2: Strikes out looking
|
Batting: LHB Patrick Osborne
|
0-0: Ball 1-0: Foul Ball, location: 2F 1-1: Foul Ball, location: 2F 1-2: Ball 2-2: Ball 3-2: Foul Ball, location: 2F 3-2: Foul Ball, location: 2F 3-2: Base on Balls
|
Batting: RHB Barney Lawson
|
0-0: Called Strike 0-1: Called Strike 0-2: Ball 1-2: Ball 2-2: Foul Ball, location: 2F 2-2: Foul Ball, location: 2F 2-2: Ball 3-2: Base on Balls Patrick Osborne to second
|
Batting: LHB Edward Rose
|
0-0: Ground out 1-3 (Groundball, 15S)
|
Bottom of the 5th over - 1 run, 1 hit, 0 errors, 2 left on base; Mile High 0 - Las Vegas 5 |
TOP OF THE 6TH |
Mile High Broncos batting - Pitching for Las Vegas Stars : LHP Jesús González
|
Batting: RHB Evan Robinson
|
0-0: Ball 1-0: Ball 2-0: Ball 3-0: Called Strike 3-1: SINGLE (Flyball, 7S)
|
Batting: RHB Rodney González
|
0-0: Called Strike 0-1: Ball 1-1: Fielders Choice at 2nd, 1-6 (Groundball, 13S)
|
Batting: RHB António Martínez
|
0-0: Called Strike 0-1: Ball 1-1: Ball 2-1: Grounds into double play, 5-4-3 (Groundball, 56)
|
Top of the 6th over - 0 runs, 1 hit, 0 errors, 0 left on base; Mile High 0 - Las Vegas 5 |
BOTTOM OF THE 6TH |
Las Vegas Stars batting - Pitching for Mile High Broncos : LHP Juan Garza
|
Batting: RHB Gilberto Silva
|
0-0: Ball 1-0: Ground out 3-1 (Groundball, 34)
|
Batting: RHB Ricardo Guzmán
|
0-0: Called Strike 0-1: Foul Ball, location: 2F 0-2: Ball 1-2: Strikes out swinging
|
Batting: RHB Fernando Bórquez
|
0-0: Called Strike 0-1: SINGLE (Line Drive, 7LS)
|
Batting: RHB José García
|
0-0: Called Strike 0-1: Ball 1-1: Ball 2-1: Foul Ball, location: 2F 2-2: Foul Ball, location: 2F 2-2: Ball 3-2: Foul Ball, location: 2F 3-2: SINGLE (Flyball, 6MD) Fernando Bórquez to second Fernando Bórquez to third
|
Pitching: RHP José García
|
|
Batting: SHB Júlio Salazar
|
0-0: Ball José García steals 2nd base 1-0: Swinging Strike 1-1: Ball 2-1: Foul Ball, location: 2F 2-2: Strikes out swinging
|
Bottom of the 6th over - 0 runs, 2 hits, 0 errors, 2 left on base; Mile High 0 - Las Vegas 5 |
TOP OF THE 7TH |
Mile High Broncos batting - Pitching for Las Vegas Stars : LHP Jesús González
|
Batting: SHB Michael Field
|
0-0: Ball 1-0: Swinging Strike 1-1: Foul Ball, location: 2F 1-2: Ball 2-2: Ball 3-2: Base on Balls
|
Batting: RHB Edward Williams
|
0-0: Ball 1-0: Foul Ball, location: 2F 1-1: Foul Ball, location: 2F 1-2: Ball 2-2: DOUBLE (Line Drive, 78D) Michael Field to third
|
Batting: LHB Tony Báez
|
0-0: Ball 1-0: Ball 2-0: Called Strike 2-1: Foul Ball, location: 2F 2-2: Strikes out looking
|
Batting: RHB Luis Ramos
|
0-0: Swinging Strike 0-1: Ground out 6-3 (Groundball, 6) Michael Field scores
|
Batting: SHB Paco Martínez
|
0-0: Foul Ball, location: 2F 0-1: Ball 1-1: Ball 2-1: Ground out 4-3 (Groundball, 4)
|
Top of the 7th over - 1 run, 1 hit, 0 errors, 1 left on base; Mile High 1 - Las Vegas 5 |
BOTTOM OF THE 7TH |
Las Vegas Stars batting - Pitching for Mile High Broncos : RHP José García
|
Batting: RHB Alonso Holguín
|
0-0: Called Strike 0-1: Ball 1-1: Called Strike 1-2: Ball 2-2: Foul Ball, location: 2F 2-2: Ball 3-2: Foul Ball, location: 2F 3-2: Foul Ball, location: 2F 3-2: Strikes out swinging
|
Batting: LHB Patrick Osborne
|
0-0: Ball 1-0: Foul Ball, location: 2F 1-1: Foul Ball, location: 2F 1-2: Strikes out swinging, 2-3 out at first.
|
Batting: RHB Barney Lawson
|
0-0: Called Strike 0-1: Ball 1-1: SINGLE (Line Drive, 56)
|
Batting: LHB Edward Rose
|
0-0: Swinging Strike 0-1: Foul Ball, location: 2F 0-2: Foul Ball, location: 2F 0-2: Strikes out looking
|
Bottom of the 7th over - 0 runs, 1 hit, 0 errors, 1 left on base; Mile High 1 - Las Vegas 5 |
TOP OF THE 8TH |
Mile High Broncos batting - Pitching for Las Vegas Stars : LHP Jesús González
|
Pitching: RHP Roberto Moreno
|
|
Batting: RHB Tim Hanson
|
0-0: Ball 1-0: Called Strike 1-1: Ball 2-1: Ball 3-1: Base on Balls
|
Batting: RHB Evan Robinson
|
0-0: Called Strike 0-1: Called Strike 0-2: Grounds into double play, 6-4-3 (Groundball, 6)
|
Batting: RHB Rodney González
|
0-0: Ball 1-0: Ball 2-0: Foul Ball, location: 2F 2-1: Foul Ball, location: 2F 2-2: Strikes out looking
|
Top of the 8th over - 0 runs, 0 hits, 0 errors, 0 left on base; Mile High 1 - Las Vegas 5 |
BOTTOM OF THE 8TH |
Las Vegas Stars batting - Pitching for Mile High Broncos : RHP José García
|
Batting: RHB Gilberto Silva
|
0-0: Ball 1-0: Ball 2-0: Called Strike 2-1: Swinging Strike 2-2: SINGLE (Groundball, 56) (infield hit)
|
Batting: RHB Ricardo Guzmán
|
0-0: Ball 1-0: Fielders Choice at 2nd, 5-4 (Groundball, 5)
|
Batting: RHB Fernando Bórquez
|
0-0: Ball 1-0: Called Strike Ricardo Guzmán steals 2nd base 1-1: Ball 2-1: Swinging Strike 2-2: Ball 3-2: Fly out, F7 (Line Drive, 78M)
|
Batting: RHB José García
|
0-0: Called Strike 0-1: Swinging Strike 0-2: Strikes out swinging
|
Bottom of the 8th over - 0 runs, 1 hit, 0 errors, 1 left on base; Mile High 1 - Las Vegas 5 |
TOP OF THE 9TH |
Mile High Broncos batting - Pitching for Las Vegas Stars : RHP Roberto Moreno
|
Pitching: LHP Gian-Andrea Nota
|
|
Batting: RHB António Martínez
|
0-0: Ball 1-0: Swinging Strike 1-1: Ground out 4-3 (Groundball, 4)
|
Batting: SHB Michael Field
|
0-0: Ball 1-0: Ball 2-0: Foul Ball, location: 2F 2-1: Ball 3-1: SINGLE (Line Drive, 6D)
|
Batting: RHB Edward Williams
|
0-0: Ball 1-0: Ball 2-0: Ball 3-0: Hit by Pitch Michael Field to second
|
Batting: LHB Tony Báez
|
0-0: Foul Ball, location: 2F 0-1: Foul Ball, location: 2F 0-2: Strikes out swinging
|
Batting: RHB Luis Ramos
|
0-0: Called Strike 0-1: Called Strike 0-2: Strikes out swinging
|
Top of the 9th over - 0 runs, 1 hit, 0 errors, 2 left on base; Mile High 1 - Las Vegas 5 |
|